 Dungeon Crawl Stone Soup version 0.32-a0-433-g08bcfe7efd (webtiles) character file.

Game seed: 4245231222939275183

198877 turkaygob69 the Marksgoblin (level 18, 0/145 (149) HPs)
             Began as a Coglin Hunter on Feb 22, 2024.
             Was the Champion of Qazlal.
             Killed by an exploding ball lightning (36 damage)
             ... on level 2 of the Spider Nest.
             The game lasted 01:39:30 (35165 turns).

turkaygob69 the Marksgoblin (Coglin Hunter)        Turns: 35165, Time: 01:39:30

HP:   0/145 (149)   AC: 28    Str: 15    XL:     18   Next: 45%
MP:   23/23         EV: 28    Int: 10    God:    Qazlal [******]
Gold: 2206          SH:  8    Dex: 25    Spells: 17/17 levels left

rFire   . . .        n - +4 orcbow "Moleusaf" {speed, Str+2 Int+3 Dex-3}
rCold   + + .        (shield currently unavailable)
rNeg    . . .        B - +5 steam dragon scales
rPois   +            w - +0 helmet of Noon {-Cast +Inv rPois rC++}
rElec   .            o - +2 cloak
rCorr   +            F - +1 Delatra's gloves {ID++}
SInv    .            S - +1 pair of boots {Fly}
Will    ++...        f - amulet of the acrobat
Stlth   +            q - +4 ring of slaying
HPRegen 0.44/turn    e - ring of resist corrosion
MPRegen 0.18/turn

%: no spellcasting, repel missiles, acrobat, clarity
@: protected from physical damage, acrobatic, flying, lightly drained, revving
A: off-hand wielding, slow wielding, warmup strikes, legs shutdown, iridescent
scales 1, agile 1, clarity, strong-willed 1
}: 1/15 runes: decaying
a: Renounce Religion, Evoke Invisibility, Upheaval, Elemental Force, Disaster
Area


You were on level 2 of the Spider Nest.
You worshipped Qazlal.
Qazlal was exalted by your worship.
You visited 5 branches of the dungeon, and saw 28 of its levels.
You also visited: Volcano.

You collected 2579 gold pieces.
You spent 373 gold pieces at shops.

Inventory:

Hand Weapons
 n - the +4 orcbow "Moleusaf" (weapon) {speed, Str+2 Int+3 Dex-3}
   (You found it on level 3 of the Lair of Beasts)

   Str+2:     It affects your strength (+2).
   Int+3:     It affects your intelligence (+3).
   Dex-3:     It affects your dexterity (-3).
 C - a +4 orcbow of chaos {Etsuko}
Missiles
 N - a throwing net
Armour
 i - a scarf of shadows
 o - a +2 cloak (worn)
 w - the +0 helmet of Noon (worn) {-Cast +Inv rPois rC++}
   (You found it on level 3 of the Lair of Beasts)

   rC++:      It greatly protects you from cold.
   rPois:     It protects you from poison +Inv: It lets you turn invisible.
   -Cast:     It prevents spellcasting.
 B - +5 steam dragon scales (worn)
 F - the +1 Delatra's gloves (worn) {ID++}
   (You bought it in a shop on level 12 of the Dungeon)

   ID++:      It heals its wearer when they drink unknown potions, and restores
   their MP when they read unknown scrolls.
 S - a +1 pair of boots of flying (worn)
Jewellery
 e - a ring of resist corrosion (right grasper)
 f - an amulet of the acrobat (around neck)
 q - a +4 ring of slaying (left grasper)
 s - a +4 ring of protection
 v - a +5 ring of evasion
 y - a ring of positive energy
 G - an amulet of guardian spirit
 W - a ring of protection from cold
 X - a ring of protection from fire
Talismans
 U - a granite talisman
Wands
 h - a wand of roots (13)
 u - a wand of digging (6)
 x - a wand of mindburst (23)
 E - a wand of flame (28)
 I - a wand of polymorph (2)
 K - a wand of charming (24)
Scrolls
 c - 2 scrolls of enchant weapon
 g - 3 scrolls of silence
 k - a scroll of fear
 m - 2 scrolls of revelation
 p - 3 scrolls of poison
 z - a scroll of enchant armour
 A - 4 scrolls of identify
 H - 2 scrolls of fog
 J - 10 scrolls of teleportation
 L - 4 scrolls of immolation
 O - a scroll of amnesia
 P - a scroll of vulnerability
 Q - 2 scrolls of brand weapon
 T - a scroll of torment
 Z - a scroll of summoning
Potions
 a - a potion of brilliance
 b - 4 potions of might
 d - 5 potions of haste
 j - 3 potions of heal wounds
 l - 6 potions of curing
 r - 5 potions of magic
 t - 2 potions of berserk rage
 M - 2 potions of resistance
 V - a potion of ambrosia
 Y - a potion of lignification
Miscellaneous
 D - a lightning rod (4/4)
 R - a phantom mirror


   Skills:
 + Level 15.5 Fighting
 * Level 19.9 Ranged Weapons
 + Level 14.0 Armour
 - Level 1.8 Dodging
 - Level 0.9 Stealth
 + Level 7.0 Invocations
 + Level 13.5 Evocations


You had 17 spell levels left.
You didn't know any spells.
Your spell library contained the following spells:

 Spells                   Type           Power      Damage    Failure   Level
 Foxfire                  Conj/Fire      0%         2x1d4     36%         1
 Freeze                   Ice            0%         1d3       36%         1
 Kiss of Death            Conj/Necr      0%         2d5       36%         1
 Magic Dart               Conj           0%         1d3       36%         1
 Slow                     Hex            0%         N/A       36%         1
 Sting                    Conj/Alch      0%         1d3       36%         1
 Blink                    Tloc           0%         N/A       50%         2
 Call Imp                 Summ           0%         N/A       50%         2
 Cigotuvi's Dreadful Rot  Necr/Alch/Air  0%         N/A       50%         2
 Mercury Vapours          Alch/Air       0%         N/A       50%         2
 Call Canine Familiar     Summ           0%         N/A       75%         3
 Confusing Touch          Hex            0%         N/A       75%         3
 Frozen Ramparts          Ice            0%         1d1       75%         3
 Hailstorm                Conj/Ice       0%         3d5       75%         3
 Sigil of Binding         Hex            0%         N/A       75%         3
 Stone Arrow              Conj/Erth      0%         3d7       75%         3
 Summon Ice Beast         Ice/Summ       0%         N/A       75%         3
 Tukima's Dance           Hex            0%         N/A       75%         3
 Vampiric Draining        Necr           0%         2d6       75%         3
 Volatile Blastmotes      Fire/Tloc      0%         2d10      75%         3
 Animate Armour           Summ/Erth      0%         N/A       98%         4
 Cause Fear               Hex            0%         N/A       98%         4
 Dimensional Bullseye     Hex/Tloc       0%         N/A       98%         4
 Fulminant Prism          Conj/Alch      0%         3d5       98%         4
 Ignite Poison            Fire/Alch      0%         N/A       98%         4
 Iskenderun's Mystic Bla  Conj/Tloc      0%         2d3       98%         4
 Olgreb's Toxic Radiance  Alch           0%         N/A       98%         4
 Vhi's Electric Charge    Tloc/Air       0%         N/A       98%         4
 Arcjolt                  Conj/Air       0%         1d10      100%        5
 Freezing Cloud           Conj/Ice/Air   0%         6-21      100%        5
 Plasma Beam              Fire/Air       0%         2x1d10    100%        6
 Sculpt Simulacrum        Ice/Alch       0%         N/A       100%        6
 Starburst                Conj/Fire      0%         6d3       100%        6
 Haunt                    Necr/Summ      0%         N/A       100%        7
 Ozocubu's Refrigeration  Ice            0%         4d7       100%        7
 Borgnjor's Revivificati  Necr           0%         N/A       100%        8
 Lehudib's Crystal Spear  Conj/Erth      0%         10d2      100%        8
 Maxwell's Capacitive Co  Air            0%         ∞         100%        8
 Death's Door             Necr           0%         N/A       100%        9
 Polar Vortex             Ice            0%         N/A       100%        9


Dungeon Overview and Level Annotations

Branches:
Dungeon (15/15)            Temple (0/1) D:4            Lair (5/5) D:10
  Swamp (4/4) Lair:3       Spider (2/4) Lair:2        Slime (0/5) Lair:5
    Orc (2/2) D:10            Elf (0/3) Orc:2        Vaults (0/5) D:13
 Depths (0/4) D:15        Volcano (visited)

Altars:
Ashenzari
Cheibriados
Dithmenos
Elyvilon
Fedhas
Kikubaaqudgha
Makhleb
Nemelex Xobeh
Qazlal
Sif Muna
Vehumet
Wu Jian
Yredelemnul
The Shining One

Shops:
D:6 *   D:12 (=[(?   D:13 !   Orc:1 :   Orc:2 (!=*

Portals:
Pandemonium: Orc:2
Trove: D:14 (give 8 potions of haste)

Annotations:
Spider:2 Eugor's ghost, adept GrEE; HilariousDeathArtist's ghost, adept CoCA; Jeuxtor's ghost, adept DrGl; Uximull's ghost, adept DsCA
Orc:1 3 runed translucent doors, Biggs's ghost, journeyman CoGl


Innate Abilities, Weirdness & Mutations

You can wield a second weapon in your off-hand.
It takes a long time for you to wield or remove held weapons.
Your first few attacks do less damage.
Attacking and casting redirects power from your legs.
You are partially covered in iridescent scales. (AC +2)
You are agile. (Dex +4, Str/Int -1)
You possess an exceptional clarity of mind.
You are strong-willed. (Will+)


Message History

Uximull's ghost launches a ball of destructive magic.
HilariousDeathArtist's ghost mumbles some strange words.
Flames lash you.
Your fire resistance burns away!
An orb of destruction comes into view.
You are no longer unable to travel.
Eugor's ghost is engulfed in blazing flames.
Jeuxtor's ghost whispers, "Death doesn't hurt.
What you feel is life."
Jeuxtor's ghost casts a spell.
Jeuxtor's ghost radiates an aura of fear!
You are unaffected.
HilariousDeathArtist's ghost ripples.
You block the orb of destruction.
The orb of destruction dissipates.
You feel less vulnerable to fire.
Uximull's ghost is engulfed in blazing flames.
HilariousDeathArtist's ghost gestures wildly while chanting.
Flames lash you but do no damage.
Eugor's ghost mumbles some strange words.
HilariousDeathArtist's ghost gestures wildly while chanting.
Flames lash you but do no damage.
Jeuxtor's ghost mumbles some strange words.
Jeuxtor's ghost radiates an aura of fear!
You are unaffected. 3 ball lightnings come into view.
Your protection from physical attacks is fading.
The ball lightning explodes!
The blast of lightning engulfs the ball lightning.
The ball lightning completely resists.
The blast of lightning engulfs HilariousDeathArtist's ghost!
HilariousDeathArtist's ghost resists.
The blast of lightning engulfs the ball lightning.
The ball lightning completely resists.
The blast of lightning engulfs you!!
* * * LOW HITPOINT WARNING * * *
The blast of lightning engulfs Uximull's ghost!!!
The blast of lightning engulfs Eugor's ghost!
Eugor's ghost resists.
The ball lightning attacks as it pursues you!
The ball lightning explodes!
The blast of lightning engulfs you!!!
You die...

..###.###...###≈≈#..###.#..###.##
...#....#..## ###.###..##).# #.##
#.##..#...## ##.##.########.##
...##.#...# ###.#.#[ß[[##.##
#..###.##.# #.^#..#....ß##.##
#.#######.# #..#W.#......##.# .##
#..##.## ###W..'.....♣#...
..###......# ####§WW§'.....⌠#...
##.##....### ##!@#§#§.'...!.♣#..#
.^..#....# #.☼...*..#(.....#.##
..#.##.#.## ##○..°#..#....ß##.#
..######.^######.°#####)ß!?##..##
### ###.##..#.## ######^##. ##
#.......########..##.#.. .##
####..#...#..##......##.# #.##
##.#..###.^##...#(.####.## ...#
##"..#.^###..##..#### #..#.


You could see a ball lightning.

Vanquished Creatures
  Jorgrun (D:13)
  2 thorn hunters (Swamp:4)
  Roxanne (Swamp:4)
  A fenstrider witch (Swamp:3)
  The ghost of jasper the Carver, an adept CoCK of Cheibriados (Spider:1)
  2 emperor scorpions (Spider:2)
  2 ghouls
  An orc warlord (Orc:1)
  4 eleionomae
  A spark wasp (Spider:1)
  10 bunyips
  Josephine (Lair:5)
  3 entropy weavers
  A vault guard (D:13)
  3 shambling mangroves (Swamp:4)
  2 ogre magi
  A catoblepas (Lair:5)
  A jorogumo (Spider:1)
  8 hydras
  4 centaur warriors
  A ghost crab (Swamp:3)
  6 two-headed ogres
  5 alligators
  3 radroaches
  A demonspawn (Orc:2)
  A deep troll shaman (Lair:5)
  16 death yaks
  4 boulder beetles
  A tengu warrior (D:13)
  A deep troll earth mage (D:15)
  4 orc high priests
  A deep elf knight (Swamp:2)
  A demonic crawler (Spider:1)
  A spriggan berserker (Swamp:2)
  A sun demon (Volcano)
  A fire crab (Lair:3)
  6 spriggans
  3 skysharks
  2 goliath frogs
  4 pharaoh ants
  10 spriggan druids
  4 bog bodies
  A sun moth (Spider:2)
  A flayed ghost (Swamp:3)
  9 swamp dragons
  6 orb spiders
  A deep elf archer (Orc:1)
  A spectral hydra (Swamp:4)
  2 lindwurms (Lair:5)
  6 steelbarb worms
  2 deep elf pyromancers
  15 ugly things
  8 wolf spiders
  7 orc knights
  16 orc sorcerers
  3 deep elf zephyrmancers (Orc:1)
  4 oklob plants
  A manticore (D:13)
  4 will-o-the-wisps
  A moth of wrath (Spider:1)
  7 cyclopes
  4 kobold blastminers
  4 black mambas
  6 meliai
  14 elephants
  2 torpor snails (Spider:1)
  5 gargoyles
  4 unseen horrors
  11 cane toads
  7 rime drakes
  A kobold demonologist (D:11)
  11 komodo dragons
  A freezing wraith (Swamp:3)
  An efreet (D:14)
  4 trolls
  A tengu conjurer (D:13)
  An ice devil (Orc:2)
  A queen bee (shapeshifter) (D:15)
  A troll (shapeshifter) (D:13)
  6 hydra zombies (Swamp:4)
  4 polar bears
  2 hydra skeletons (Swamp:4)
  14 hornets
  19 tarantellas
  6 tyrant leeches
  23 blink frogs
  11 culicivoras
  18 jumping spiders
  12 slime creatures
  A yak (shapeshifter) (D:15)
  A ynoxinul (Orc:2)
  46 yaks
  7 wraiths
  3 shadows
  3 wyverns
  2 fire bats (Lair:3)
  4 basilisks
  3 fire elementals (Lair:3)
  2 vampires (D:15)
  A warg (Orc:2)
  27 redbacks
  Grum (D:10)
  A steam dragon (D:7)
  14 vampire mosquitoes
  10 swamp worms
  An acid dragon (D:8)
  4 hydra simulacra (Swamp:4)
  2 hell hounds
  14 water moccasins
  5 black bears
  4 ice beasts
  9 swamp drakes
  41 orc warriors
  3 laughing skulls (D:13)
  A swamp dragon zombie (Swamp:4)
  11 ogres
  24 wolves
  A swamp dragon skeleton (Swamp:4)
  7 centaurs
  5 phantoms
  5 kobold brigands
  A gnoll sergeant (D:9)
  9 bullfrogs
  4 scorpions
  17 wights
  11 killer bees (D:9)
  8 electric eels
  2 howler monkeys
  A bombardier beetle (D:4)
  A crimson imp (D:7)
  3 hounds
  5 jellies (Lair:5)
  28 orc priests
  2 sleepcaps
  4 iguanas
  24 orc wizards
  13 adders
  8 gnolls
  A swamp drake zombie (Swamp:4)
  A swamp drake skeleton (Swamp:4)
  A white imp (D:6)
  2 ufetubi (D:5)
  2 dart slugs (D:1)
  2 ribbon worms
  66 orcs
  8 ball pythons
  7 bats
  10 endoplasms
  4 giant cockroaches
  12 goblins
  8 hobgoblins
  35 kobolds
  5 quokkas
  A frilled lizard (D:1)
  An orc zombie (Orc:1)
  7 rats
993 creatures vanquished.

Vanquished Creatures (others)
  An alligator (Swamp:2)
  An ugly thing (Volcano)
  An orc sorcerer (Orc:2)
  A kobold blastminer (Orc:1)
  A rust devil (Orc:2)
  A bloated husk (Swamp:2)
  An orc zombie (Orc:2)
  2 ball lightnings (Spider:2)
  24 foxfires
33 creatures vanquished.

Grand Total: 1026 creatures vanquished

Notes
Turn   | Place    | Note
-------+----------+-------------------------------------------
     0 | D:1      | turkaygob69 the Coglin Hunter began the quest for the Orb.
     0 | D:1      | Reached XP level 1. HP: 16/16 MP: 1/1
   150 | D:1      | Reached XP level 2. HP: 22/22 MP: 2/2
   227 | D:1      | Reached skill level 4 in Ranged Weapons
   362 | D:1      | Reached XP level 3. HP: 27/27 MP: 3/3
  1112 | D:2      | Reached XP level 4. HP: 27/33 MP: 4/4
  1528 | D:3      | Reached skill level 5 in Ranged Weapons
  1565 | D:3      | Found a stormy altar of Qazlal.
  2042 | D:3      | Reached XP level 5. HP: 36/38 MP: 5/5
  2113 | D:3      | Became a worshipper of Qazlal Stormbringer
  2354 | D:3      | Found a shimmering blue altar of Sif Muna.
  2623 | D:4      | Reached skill level 6 in Ranged Weapons
  2638 | D:4      | Reached XP level 6. HP: 43/44 MP: 6/6
  2916 | D:4      | Reached * piety under Qazlal
  2999 | D:4      | Reached skill level 7 in Ranged Weapons
  3220 | D:4      | Found a staircase to the Ecumenical Temple.
  3264 | D:4      | Reached XP level 7. HP: 50/50 MP: 7/7
  3771 | D:4      | Gained mutation: You are agile. (Dex +4, Str/Int -1)
                  | [potion of mutation]
  3771 | D:4      | Gained mutation: You are partially covered in iridescent
                  | scales. (AC +2) [potion of mutation]
  3771 | D:4      | Gained mutation: You possess an exceptional clarity of
                  | mind. [potion of mutation]
  3771 | D:4      | Gained mutation: You are strong-willed. (Will+) [potion of
                  | mutation]
  3829 | D:5      | Entered Level 5 of the Dungeon
  3840 | D:5      | Reached skill level 8 in Ranged Weapons
  4119 | D:5      | Reached XP level 8. HP: 56/56 MP: 8/8
  4140 | D:5      | Reached skill level 9 in Ranged Weapons
  4553 | D:5      | Found a snail-covered altar of Cheibriados.
  5259 | D:6      | Reached skill level 10 in Ranged Weapons
  5316 | D:6      | Reached ** piety under Qazlal
  5528 | D:6      | Found Zorah's Assorted Antiques.
  5605 | D:6      | Reached XP level 9. HP: 61/61 MP: 9/9
  5821 | D:6      | Reached skill level 11 in Ranged Weapons
  6321 | D:7      | Found an ornate altar of the Wu Jian Council.
  6557 | D:7      | Found a burning altar of Makhleb.
  6593 | D:7      | Noticed a troll
  6603 | D:7      | Killed a troll
  6604 | D:7      | Reached skill level 1 in Armour
  6671 | D:7      | Noticed a hornet
  7304 | D:7      | Paralysed by a hornet for 3 turns
  7307 | D:7      | Killed a hornet
  7701 | D:8      | Found a sparkling altar of Nemelex Xobeh.
  7708 | D:8      | Found a blossoming altar of Fedhas.
  7711 | D:8      | Found a broken altar of Ashenzari.
  7711 | D:8      | Found a glowing golden altar of the Shining One.
  7718 | D:8      | Found a shadowy altar of Dithmenos.
  7824 | D:8      | Reached skill level 12 in Ranged Weapons
  7824 | D:8      | Reached XP level 10. HP: 67/73 MP: 10/10
  8079 | D:8      | Noticed a two-headed ogre
  8088 | D:8      | Killed a two-headed ogre
  8089 | D:8      | Reached skill level 5 in Fighting
  8304 | D:8      | Reached *** piety under Qazlal
  8770 | D:9      | Reached skill level 5 in Armour
  9004 | D:9      | Reached **** piety under Qazlal
  9024 | D:9      | Reached XP level 11. HP: 72/83 MP: 11/11
  9244 | D:9      | Found a radiant altar of Vehumet.
  9533 | D:10     | Entered Level 10 of the Dungeon
  9533 | D:10     | Found a staircase to the Lair.
  9550 | D:10     | Reached skill level 13 in Ranged Weapons
  9558 | D:10     | Noticed Grum
  9566 | D:10     | Killed Grum
  9572 | D:10     | Found an ancient bone altar of Kikubaaqudgha.
  9759 | D:10     | Found a staircase to the Orcish Mines.
 10489 | D:11     | Noticed a brown ugly thing
 10503 | D:11     | Killed a brown ugly thing
 10652 | D:11     | Found a transporter.
 10657 | D:11     | Found a white marble altar of Elyvilon.
 10657 | D:11     | Noticed a two-headed ogre
 10673 | D:11     | Killed a two-headed ogre
 10699 | D:11     | Found a transporter.
 10716 | D:11     | Noticed a two-headed ogre
 10723 | D:11     | Killed a two-headed ogre
 10747 | D:11     | Noticed a two-headed ogre
 10754 | D:11     | Killed a two-headed ogre
 10781 | D:11     | Reached XP level 12. HP: 82/95 MP: 12/12
 11238 | D:12     | Found Ucumpeypp's Antique Weapon Boutique.
 11314 | D:12     | Found Gutacw's Antique Armour Emporium.
 11323 | D:12     | Noticed a two-headed ogre
 11326 | D:12     | Killed a two-headed ogre
 11327 | D:12     | Reached skill level 14 in Ranged Weapons
 11332 | D:12     | Bought the +1 Delatra's gloves {ID++} for 280 gold pieces
 11332 | D:12     | Found the +1 Delatra's gloves {ID++}
 11563 | D:12     | Found Tith's Antique Weapon Shop.
 11568 | D:12     | Found Sotoak's Magic Scroll Boutique.
 11674 | D:12     | Found Hupif Juilo's Jewellery Shop.
 11903 | Lair:1   | Entered Level 1 of the Lair of Beasts
 11932 | Lair:1   | Reached ***** piety under Qazlal
 11996 | Lair:1   | Reached skill level 10 in Fighting
 12343 | Lair:1   | Found a blossoming altar of Fedhas.
 12900 | Lair:2   | Noticed a four-headed hydra
 12914 | Lair:2   | Killed a four-headed hydra
 12915 | Lair:2   | Reached XP level 13. HP: 44/105 MP: 13/13
 13538 | Lair:2   | Identified the +3 ring mail of the Writhing Gods {Will+
                  | Str-3 Int+4}
 13572 | Lair:2   | Reached skill level 10 in Armour
 13837 | Lair:2   | Found a hole to the Spider Nest.
 13860 | Lair:2   | Reached skill level 15 in Ranged Weapons
 14645 | Lair:3   | Identified the +0 helmet of Noon {-Cast +Inv rPois rC++}
 14701 | Lair:3   | Reached skill level 1 in Evocations
 15392 | Lair:3   | Found a transporter.
 15501 | Lair:3   | Found a staircase to the Swamp.
 15630 | Lair:3   | Found a transporter.
 15917 | Lair:4   | Reached XP level 14. HP: 111/115 MP: 14/14
 16187 | Lair:4   | Reached skill level 5 in Evocations
 16750 | Lair:5   | Entered Level 5 of the Lair of Beasts
 16753 | Lair:5   | Noticed Josephine
 16756 | Lair:5   | Reached skill level 16 in Ranged Weapons
 16765 | Lair:5   | Killed Josephine
 16882 | Lair:5   | Reached ****** piety under Qazlal
 16967 | Lair:5   | Found a dark tunnel.
 16975 | Volcano  | Entered a volcano
 18408 | Lair:5   | Reached XP level 15. HP: 108/123 MP: 15/15
 18501 | Lair:5   | Identified the +2 ring mail "Byonk" {rF+ rC+ Int+3 Stlth+}
 18503 | Lair:5   | Got the Meditations on the Luminous Fairies
 18558 | Lair:5   | Reached skill level 17 in Ranged Weapons
 18660 | Lair:5   | Found a staircase to the Slime Pits.
 18884 | Orc:1    | Entered Level 1 of the Orcish Mines
 19213 | Orc:1    | Reached skill level 1 in Invocations
 19468 | Orc:1    | Noticed an orc warlord
 19482 | Orc:1    | Killed an orc warlord
 19860 | Orc:2    | Entered Level 2 of the Orcish Mines
 20297 | Orc:2    | Found Mekhlair's General Store.
 20306 | Orc:2    | Found Nuedaffuyx's Distillery.
 20317 | Orc:2    | Bought a potion of curing for 39 gold pieces
 20317 | Orc:2    | Bought a potion of attraction for 39 gold pieces
 20817 | Orc:2    | Found Yserr's Antique Weapon Boutique.
 20817 | Orc:2    | Found Gigygubi's Jewellery Shop.
 20818 | Orc:2    | Found a one-way gate leading to the halls of Pandemonium.
 21183 | Orc:2    | Found a staircase to the Elven Halls.
 21752 | Orc:1    | Found Fytt's Book Shop.
 21784 | Orc:1    | Found a runed translucent gate.
 21784 | Orc:1    | Found a runed translucent gate.
 21784 | Orc:1    | Found a runed translucent gate.
 21785 | Orc:1    | Noticed Biggs's ghost (journeyman CoGl)
 22120 | Lair:3   | Identified the +4 orcbow "Moleusaf" {speed, Str+2 Int+3
                  | Dex-3}
 22414 | D:13     | Noticed Jorgrun
 22436 | D:13     | Killed Jorgrun
 22437 | D:13     | Reached XP level 16. HP: 82/132 MP: 18/18
 22446 | D:13     | Reached skill level 10 in Evocations
 22941 | D:13     | Found Buchiabyul's Distillery.
 22948 | D:13     | Bought a potion of degeneration for 15 gold pieces
 22993 | D:13     | Found a broken altar of Ashenzari.
 23225 | D:13     | Found a gate to the Vaults.
 23374 | D:14     | Reached skill level 18 in Ranged Weapons
 23629 | D:14     | Found a portal to a secret trove of treasure.
 23925 | D:15     | Entered Level 15 of the Dungeon
 24510 | D:15     | Found a staircase to the Depths.
 25491 | Swamp:1  | Entered Level 1 of the Swamp
 27069 | Swamp:2  | Reached skill level 5 in Invocations
 27148 | Swamp:2  | Reached XP level 17. HP: 135/140 MP: 20/20
 27917 | Swamp:4  | Entered Level 4 of the Swamp
 27917 | Swamp:4  | Noticed Roxanne
 28769 | Swamp:4  | Reached skill level 19 in Ranged Weapons
 30655 | Swamp:4  | Reached skill level 15 in Fighting
 30785 | Swamp:4  | Found a blossoming altar of Fedhas.
 30836 | Swamp:4  | Got a decaying rune of Zot
 30877 | Swamp:4  | Found a basalt altar of Yredelemnul.
 30968 | Swamp:4  | Killed Roxanne
 31295 | Spider:1 | Entered Level 1 of the Spider Nest
 32438 | Spider:1 | Found a runed translucent door.
 32438 | Spider:1 | Noticed jasper's ghost (adept CoCK)
 32454 | Spider:1 | Reached XP level 18. HP: 149/149 MP: 22/22
 33358 | Spider:1 | Killed jasper's ghost
 34471 | Spider:2 | Found a runed translucent gate.
 34472 | Spider:2 | Found a runed translucent gate.
 34473 | Spider:2 | Found a runed translucent gate.
 34473 | Spider:2 | Noticed Uximull's ghost (adept DsCA)
 34473 | Spider:2 | Noticed Jeuxtor's ghost (adept DrGl)
 34473 | Spider:2 | Noticed HilariousDeathArtist's ghost (adept CoCA)
 34494 | Spider:2 | Noticed Eugor's ghost (adept GrEE)
 35165 | Spider:2 | Killed by an exploding ball lightning

Illustrated notes

Levels and vault maps discovered:
D:1:      lemuel_arrival_tunnels, layout_basic
D:2:      layout_loops_ring
D:3:      layout_basic, marbit_many_paths, mainiacjoe_overflow_catwalk,
          kennysheep_generic_room_16
D:4:      layout_layer_cave, minmay_temple_entry_mist, minmay_misc_feat_rows,
          dreamdust_wishing_well
D:5:      layout_cave_pods, cheibrodos_worm_habitat
D:6:      layout_basic, serial_shops, shop
D:7:      layout_gridville, pdpol_wu_jian_five_deadly_venoms,
          makhleb_grotto_becter
D:8:      layout_basic, nicolae_overflow_hallway_of_the_gods,
          grunt_ministairs_15
D:9:      layout_cross, mainiacjoe_overflow_brackets, statue_in_the_mist_lemuel
D:10:     layout_basic, nicolae_kikubaaqudgha_miasma_corner, david_lair_generic,
          orc_0_dummy, uniq_grum
D:11:     layout_roguey, elyvilon_altar_4
D:12:     layout_small_grid, serial_shops, shop, nicolae_diamond_shop,
          nicolae_shop_just_a_little_nook, shop, nicolae_shop_statue_plus
D:13:     layout_long_grid, david_vaults_5, serial_shops, nicolae_shop_crystal,
          nicolae_ashenzari_skybound, uniq_jorgrun
D:14:     layout_cave_pools, nicolae_elevator_lobby_plus, enter_trove_1
D:15:     hellmonk_depths_entry_around_the_bend, layout_cave_pools,
          minivault_23, hangedman_batty
Lair:1:   layout_long_grid, basic_altar, cheibrodos_lair_caveside_slide,
          grunt_megastairs_4, serial_bayou_shore_a
Lair:2:   layout_regular_city, dummy_spider_entry
Lair:3:   gammafunk_cloud_chamber, layout_cave_pods, skrybe_swamp_entry_bodies,
          nicolae_quartered_pool_little, grunt_megastairs_3
Lair:4:   layout_roguey, lemuel_fruit_tree, grunt_megastairs_5,
          infiniplex_staircase_pool
Lair:5:   grunt_lair_end_beastmaster, layout_regular_city,
          nicolae_slime_entry_slimehenge, nicolae_volcano_entry_vermiform,
          grunt_megastairs_2, uniq_josephine
Swamp:1:  layout_falls_marsh, evilmike_swamp_ruin_house_4
Swamp:2:  cheibrodos_swamp_heart_of_darkness, layout_falls_marsh,
          evilmike_swamp_ruin_house_6, swamp_pool_1_2,
          infiniplex_staircase_pool_2
Swamp:3:  layout_falls_marsh, nicolae_swamp_small_spring, swamp_pool_5
Swamp:4:  byrel_swamp_growth_death_and_undeath, layout_basic_swamp,
          swamp_pool_1_2, nicolae_swamp_bunyip_nook, nicolae_swamp_long_stream,
          uniq_roxanne
Spider:1: layout_cave_pods, hellmonk_ghost_happy_afterlife
Spider:2: layout_spider_delve, gammafunk_ghost_cemetery, nicolae_spider_orb_run
Orc:1:    hellmonk_paralyzer, layout_diamond_mine,
          gammafunk_ghost_fury_of_okawaru, serial_shops,
          nicolae_shop_competitors_out_of_business, elf_legates
Orc:2:    pf_orc_diabolical, layout_diamond_mine, nicolae_orc_tapped_out

Skill      XL: |  1  2  3  4  5  6  7  8  9 10 11 12 13 14 15 16 17 18 |
---------------+-------------------------------------------------------+-----
Ranged Weapons | 4 5 6 7 8 10 12 13 14 15 16 17 18 19 | 19.9
Armour         | 3 5 7 9 10 11 12 13 14 | 14.0
Fighting       | 4 6 9 10 12 13 14 15 | 15.5
Evocations     | 4 7 9 11 12 13 | 13.5
Invocations    | 3 5 6 7 |  7.0
Dodging        | |  1.8
Stealth        | |  0.9

Action                     |  1- 3 |  4- 6 |  7- 9 | 10-12 | 13-15 | 16-18 || total
---------------------------+-------+-------+-------+-------+-------+-------++-------
   Fire: Shortbow          |   119 |   171 |   276 |       |       |       ||   566
         Orcbow            |       |       |    54 |   603 |  1334 |  1973 ||  3964
 Invoke: Upheaval          |       |       |       |       |     1 |       ||     1
    Use: Scroll            |     7 |     2 |    16 |     9 |    12 |     6 ||    52
         Potion            |       |       |     1 |     1 |     4 |     6 ||    12
 Armour: Leather armour    |    13 |     8 |       |       |       |       ||    21
         Robe              |       |    37 |    64 |       |       |       ||   101
         Steam dragon scal |       |       |    22 |   230 |   298 |   572 ||  1122
  Dodge: Dodged            |    18 |    56 |    72 |   178 |   196 |   298 ||   818
         Repelled          |       |       |       |     2 |     4 |    12 ||    18
  Block: Other             |       |       |    11 |    66 |   110 |   149 ||   336

Table legend: (Time is in decaauts)
 A = Elapsed time spent in this place.
 B = Non-inter-level travel time spent in this place.
 C = Inter-level travel time spent in this place.
 D = Time resting spent in this place.
 E = Time spent auto-exploring this place.
 F = Levels seen in this place.
 G = Mean time per level.
                   A        B        C        D        E       F      G
               +--------+--------+--------+--------+--------+-----+--------+
         Total |  33693 |  30254 |   3439 |   6195 |  19326 |  29 | 1161.8 |
       Dungeon |  14934 |  13328 |   1606 |   1231 |  10046 |  15 |  995.6 |
          Lair |   7227 |   6365 |    862 |   1713 |   3680 |   5 | 1445.4 |
         Swamp |   5319 |   4581 |    738 |   1797 |   2068 |   4 | 1329.8 |
   Spider Nest |   2912 |   2864 |     48 |    576 |   1857 |   2 | 1456.0 |
  Orcish Mines |   2785 |   2603 |    182 |    791 |   1319 |   2 | 1392.5 |
       Volcano |    514 |    514 |      0 |     86 |    356 |   1 |  514.0 |
               +--------+--------+--------+--------+--------+-----+--------+

Top non-repeatable levels by time:
 Swamp:3: 2331 daAuts
  Lair:2: 2143 daAuts
   Orc:2: 1655 daAuts
  Lair:3: 1583 daAuts
Spider:2: 1545 daAuts
     D:4: 1421 daAuts
     D:7: 1403 daAuts
  Lair:5: 1397 daAuts
 Swamp:4: 1369 daAuts
Spider:1: 1367 daAuts
  Lair:1: 1270 daAuts
     D:8: 1177 daAuts
   Orc:1: 1130 daAuts
     D:6: 1127 daAuts
     D:3: 1054 daAuts
